 Dungeon Crawl Stone Soup version 0.26-a0-504-g0cf647090d (webtiles) character file.

Game seed: 8258382745525307636

15607 Infinimo the Arsonist (level 12, -5/107 HPs)
             Began as a Hill Orc Fire Elementalist on Aug 7, 2020.
             Was an Initiate of Gozag.
             Slain by a blink frog (6 damage)
             ... on level 3 of the Lair of Beasts on Aug 8, 2020.
             The game lasted 00:22:13 (21752 turns).

Infinimo the Arsonist (Hill Orc Fire Elementalist) Turns: 21752, Time: 00:22:14

Health: -5/107     AC:  9    Str: 14    XL:     12   Next: 28%
Magic:  6/22       EV: 12    Int: 19    God:    Gozag
Gold:   2229       SH:  0    Dex: 11    Spells: 20/25 levels left

rFire    . . .     SeeInvis +   x - +4 trident of Flawed Execution {flame, rC++ Str+2 SInv}
rCold    + + .     Faith    .   (no shield)
rNeg     . . .     Spirit   .   f - +2 robe {MR+}
rPois    .         Reflect  .   r - +1 helmet
rElec    .         Harm     .   e - +2 cloak {Stlth+}
rCorr    .                      (no gloves)
MR       +....                  (no boots)
Stlth    ++........             (no amulet)
HPRegen  0.27/turn              i - ring of flight
MPRegen  0.18/turn              (no ring)

@: lethally poisoned (-5 -> -10), very slightly contaminated, invisible
A: no striking features
a: Potion Petition, Call Merchant, Bribe Branch, Renounce Religion, Evoke Flight


You were on level 3 of the Lair of Beasts.
You worshipped Gozag.
Gozag was most pleased with you.
You visited 3 branches of the dungeon, and saw 14 of its levels.

You collected 2316 gold pieces.
You paid 87 gold pieces to Gozag.

Inventory:

Hand Weapons
 x - the +4 trident of Flawed Execution (weapon) {flame, rC++ Str+2 SInv}
   (You took it off a spriggan on level 10 of the Dungeon)

   It has been specially enchanted to burn those struck by it, causing extra
   injury to most foes and up to half again as much damage against particularly
   susceptible opponents.
   It affects your strength (+2).
   It greatly protects you from cold.
   It lets you see invisible.
Armour
 e - a +2 cloak of stealth (worn)
 f - a +2 robe of magic resistance (worn)
 r - a +1 helmet (worn)
Jewellery
 i - a ring of flight (left hand)
 s - an uncursed ring of stealth
 A - an uncursed ring of stealth
 F - an uncursed ring of see invisible
Wands
 w - a wand of digging (5)
 y - a wand of acid (18)
 C - a wand of iceblast (10)
Scrolls
 c - a scroll of blinking
 g - 2 scrolls of teleportation
 k - 2 scrolls of amnesia
 m - 7 scrolls of remove curse
 D - 2 scrolls of magic mapping
 E - a scroll of random uselessness {unknown}
 G - 2 scrolls of fear {unknown}
 H - a scroll of enchant armour {unknown}
 J - a scroll of summoning {unknown}
Potions
 b - 4 potions of flight
 d - a potion of brilliance
 h - 2 potions of stabbing
 j - 2 potions of resistance
 l - 2 potions of berserk rage
 o - a potion of ambrosia
 p - 2 potions of might
 t - 2 potions of degeneration
 u - 4 potions of lignification
 v - 2 potions of magic
 z - 2 potions of mutation
 B - 3 potions of haste
 K - a potion of cancellation {unknown}


   Skills:
 + Level 10.4 Fighting
 - Level 1.5 Dodging
 - Level 1.5 Stealth
 + Level 7.0 Spellcasting
 + Level 8.9 Conjurations
 * Level 13.6 Fire Magic


You had 20 spell levels left.
You knew the following spells:

 Your Spells              Type           Power        Failure   Level
a - Foxfire               Conj/Fire      ####         1%          1
b - Sticky Flame          Conj/Fire      #####...     1%          4

Your spell library contained the following spells:

 Spells                   Type           Power        Failure   Level
 Magic Dart               Conj           ####         1%          1
 Shock                    Conj/Air       ###.         1%          1
 Searing Ray              Conj           #####.       1%          2
 Conjure Flame            Conj/Fire      #####...     1%          3
 Inner Flame              Hex/Fire       ####....     1%          3
 Fireball                 Conj/Fire      #####.....   2%          5
 Dazzling Flash           Conj/Hex       ###...       4%          3
 Static Discharge         Conj/Air       ###.....     4%          3
 Animate Skeleton         Necr           #.....       10%         1
 Corona                   Hex            #......      10%         1
 Freeze                   Ice            #...         10%         1
 Pain                     Necr           #...         10%         1
 Slow                     Hex            #.......     16%         2
 Swiftness                Air            #.......     16%         2
 Fulminant Prism          Conj/Hex       ###.......   16%         4
 Iskenderun's Mystic Bla  Conj/Tloc      ###.....     16%         4
 Frozen Ramparts          Ice            #.....       30%         3
 Portal Projectile        Hex/Tloc       #.....       30%         3
 Vampiric Draining        Necr           #.........   30%         3
 Lightning Bolt           Conj/Air       ###.......   41%         5
 Airstrike                Air            #.........   69%         4
 Animate Dead             Necr           #.........   69%         4
 Cause Fear               Hex            #.........   69%         4
 Leda's Liquefaction      Hex/Erth       #.........   69%         4
 Summon Ice Beast         Ice/Summ       #.......     69%         4
 Agony                    Necr           #.......     95%         5


Dungeon Overview and Level Annotations

Branches:
Dungeon (10/15)            Temple (1/1) D:7            Lair (3/6) D:10
  Swamp (0/4) Lair:2          Orc (0/2) D:9
  Snake: Lair:2-4    Spider: Lair:2-4

Altars:
Ashenzari
Cheibriados
Dithmenos
Elyvilon
Fedhas
Gozag
Hepliaklqana
Kikubaaqudgha
Makhleb
Nemelex Xobeh
Okawaru
Qazlal
Ru
Sif Muna
Trog
Uskayaw
Vehumet
Wu Jian
Xom
Yredelemnul
Zin
The Shining One

Shops:
D:7 (

Annotations:
D:10 astraldaughter's ghost, journeyman DgFE


Message History

You feel sick.
The river rat is no longer distracted by gold.
A river rat comes into view.
The blink frog hits you.
* * * LOW HITPOINT WARNING * * *
* * * LOW HITPOINT WARNING * * *
You feel sick.
The blink frog gives a loud, deep croak!
You hear a screech!
* * * LOW HITPOINT WARNING * * *
You feel sick.
The blink frog croaks.
The cane toad gives a loud, deep croak!
The blink frog croaks.
A hippogriff comes into view.
* * * LOW HITPOINT WARNING * * *
You feel sick.
A quokka comes into view.
The blink frog hits you.
You die...
Your body crumbles into a pile of gold.

# #.# +...PPS≈≈...# #. #.#
#...P..≈§..##$#
#.##.########.....#≈≈#.r...>.
#..r#...#.....Hr.#≈##....#.#
#.##..........S.S.#≈##.......
######.r...F....rFr.####....#.#
#..............FrSS............
#.............rFrr..........#.#
#.............@rFr.........§...
#.....P###.....#..#####P.###...
#....### #.####....########....
#....#####.##.##...#...........
#....##......###..##.....r.....
#............##...##.......#S.F
#.....##..#####....#......##...
#....##..#######..##......##...
#.....##.##.##.#..##.######.$..


You could see a hippogriff (wandering), 2 black mambas, a cane toad (wandering),
4 blink frogs, 2 water moccasins, 2 hell rats, 4 river rats, 3 quokkas and a rat
(wandering).

Vanquished Creatures
  A hydra (Lair:1)
  A centaur warrior (D:10)
  A two-headed ogre (D:10)
  Pikel (D:4)
  A cyclops (D:10)
  5 cane toads
  3 komodo dragons
  A troll (D:9)
  A tyrant leech (Lair:2)
  Grinder (D:6)
  Prince Ribbit (D:5)
  4 dream sheep (Lair:2)
  2 hippogriffs
  3 spriggans (D:10)
  11 yaks
  Sigmund (D:3)
  Edmund (D:6)
  A swamp worm (Lair:2)
  3 water moccasins
  7 porcupines
  5 orc warriors
  A black bear (D:10)
  7 ogres
  A phantom (D:7)
  4 centaurs
  2 crocodiles
  Blork the orc (D:6)
  8 bullfrogs
  A wyvern zombie (D:8)
  A water moccasin skeleton (D:8)
  3 scorpions
  5 wights (D:9)
  A jelly (D:10)
  10 killer bees
  2 howler monkeys
  A quasit (D:7)
  4 centaur zombies
  A bullfrog skeleton (D:5)
  2 centaur skeletons
  7 orc priests
  Crazy Yiuf (D:3)
  5 hounds
  3 iguanas
  6 worker ants
  7 orc wizards
  A worker ant zombie (D:8)
  A howler monkey skeleton (D:8)
  5 gnolls
  14 adders
  4 shadow imps
  A white imp (D:10)
  4 ufetubi
  2 oozes
  A worm (D:4)
  2 dart slugs (D:3)
  3 leopard geckos
  56 orcs
  7 bats
  A giant cockroach (D:1)
  4 goblins (D:2)
  5 hobgoblins
  12 jackals
  15 kobolds
  6 quokkas
  3 ball pythons
  A frilled lizard (D:2)
  A jackal zombie (D:5)
  2 leopard gecko skeletons
  7 rats
297 creatures vanquished.

Vanquished Creatures (others)
  1652 foxfires
  4 fungi
  3 plants (D:10)
1659 creatures vanquished.

Grand Total: 1956 creatures vanquished

Notes
Turn   | Place    | Note
-------+----------+-------------------------------------------
     0 | D:1      | Infinimo the Hill Orc Fire Elementalist began the quest for
                  | the Orb.
     0 | D:1      | Reached XP level 1. HP: 14/14 MP: 3/3
     6 | D:1      | Noticed a wyvern
     6 | D:1      | Noticed a black bear
     7 | D:1      | Noticed a worker ant
   407 | D:1      | Reached XP level 2. HP: 22/22 MP: 1/4
   626 | D:1      | Reached skill level 1 in Fighting
   802 | D:1      | Reached XP level 3. HP: 28/28 MP: 5/5
  1471 | D:2      | Reached skill level 4 in Fire Magic
  2535 | D:2      | Reached XP level 4. HP: 30/35 MP: 3/7
  2712 | D:3      | Noticed Sigmund
  2937 | D:3      | Killed Sigmund
  2937 | D:3      | Reached skill level 5 in Fire Magic
  2937 | D:3      | Reached XP level 5. HP: 42/42 MP: 1/8
  2937 | D:3      | Reached XP level 6. HP: 50/50 MP: 1/9
  3102 | D:3      | Found a runed translucent door.
  3103 | D:3      | Noticed Crazy Yiuf
  3822 | D:3      | Found a basalt altar of Yredelemnul.
  4292 | D:3      | Learned a level 4 spell: Sticky Flame
  4297 | D:3      | Killed Crazy Yiuf
  5298 | D:4      | Reached XP level 7. HP: 57/57 MP: 5/11
  5742 | D:5      | Entered Level 5 of the Dungeon
  5859 | D:5      | Reached skill level 6 in Fire Magic
  6073 | D:5      | Noticed Pikel
  6188 | D:4      | Killed Pikel
  6188 | D:4      | Reached skill level 7 in Fire Magic
  6188 | D:4      | Reached XP level 8. HP: 57/67 MP: 4/13
  6724 | D:5      | Reached skill level 5 in Fighting
  7645 | D:5      | Reached skill level 8 in Fire Magic
  8049 | D:6      | Noticed Prince Ribbit
  8056 | D:5      | Killed Prince Ribbit
  8056 | D:5      | Reached XP level 9. HP: 75/75 MP: 6/15
  8355 | D:6      | Reached skill level 5 in Conjurations
  8427 | D:6      | Noticed Blork the orc
  8433 | D:6      | Killed Blork the orc
  8505 | D:6      | Noticed Edmund
  8570 | D:6      | Killed Edmund
  8850 | D:6      | Noticed Grinder
  8858 | D:6      | Killed Grinder
  8858 | D:6      | Reached skill level 9 in Fire Magic
  9915 | D:7      | Identified Afu Gon's Grimoire of the Blistering Snowflakes
  9935 | D:7      | Found Wucuew's Weapon Shop.
  9983 | D:7      | Found a staircase to the Ecumenical Temple.
 10658 | Temple   | Entered the Ecumenical Temple
 10866 | Temple   | Became a worshipper of Gozag Ym Sagoz the Greedy
 10911 | D:8      | Found a burning altar of Makhleb.
 11758 | D:8      | Reached skill level 10 in Fire Magic
 12101 | D:9      | Found an ancient bone altar of Kikubaaqudgha.
 12177 | D:9      | Reached skill level 5 in Spellcasting
 12177 | D:9      | Reached XP level 10. HP: 82/86 MP: 0/17
 12836 | D:9      | Found a staircase to the Orcish Mines.
 14278 | D:10     | Entered Level 10 of the Dungeon
 14363 | D:10     | Noticed a two-headed ogre
 14375 | D:10     | Killed a two-headed ogre
 14375 | D:10     | Reached skill level 11 in Fire Magic
 15011 | D:10     | Noticed a centaur warrior
 15029 | D:10     | Killed a centaur warrior
 15275 | D:10     | Noticed a cyclops
 15296 | D:10     | Killed a cyclops
 15296 | D:10     | Reached XP level 11. HP: 23/95 MP: 4/19
 15834 | D:10     | Found a staircase to the Lair.
 16305 | D:10     | Reached skill level 12 in Fire Magic
 16993 | D:10     | Found a runed translucent door.
 16994 | D:10     | Noticed a spriggan rider
 16995 | D:10     | Noticed astraldaughter's ghost (journeyman DgFE)
 16997 | D:10     | Identified the +4 trident of Flawed Execution {flame, rC++
                  | Str+2 SInv}
 18074 | Lair:1   | Entered Level 1 of the Lair of Beasts
 18100 | Lair:1   | Noticed a seven-headed hydra
 18109 | Lair:1   | Killed a seven-headed hydra
 19732 | Lair:2   | Reached skill level 13 in Fire Magic
 19965 | Lair:2   | Found a staircase to the Swamp.
 19971 | Lair:2   | Reached skill level 10 in Fighting
 20084 | Lair:2   | Reached XP level 12. HP: 106/106 MP: 17/22
 21748 | Lair:3   | HP: 4/107 [poisoned by a black mamba]
 21751 | Lair:3   | HP: 1/107 [poisoned by a black mamba]
 21752 | Lair:3   | Slain by a blink frog

Illustrated notes

Levels and vault maps discovered:
D:1:      onia_arrival_zoo_common, layout_basic
D:2:      layout_basic
D:3:      layout_basic, yredelemnul_altar_generic, uniq_crazy_yiuf_cottage,
          uniq_sigmund
D:4:      layout_layer_cave
D:5:      layout_basic, uniq_pikel, uniq_menkaure
D:6:      layout_basic, roderic_malta_cross, uniq_blork_the_orc, uniq_grinder,
          uniq_edmund, uniq_prince_ribbit1
D:7:      layout_basic, minmay_temple_entry_waves, serial_shops, shop,
          minmay_misc_feat_iff
D:8:      layout_basic, nicolae_overflow_hidden_temple
D:9:      layout_loops_ring, hiddenorc1_lemuel, basic_altar
D:10:     layout_roguey [special_room_orc], lair_entry_dummy,
          ebering_ghost_funeral_grove
Temple:   kilobyte_greek_temple
Lair:1:   layout_chaotic_city, chequers_serial_rivers_small_a
Lair:2:   layout_hall_layers, minmay_swamp_entry_worms
Lair:3:   lemuel_ratsnest, layout_regular_city,
          minmay_snake_entry_six_corridors, chequers_serial_rivers_room_b,
          minmay_hedge_maze, st_stairs_9, chequers_serial_rivers_small_3

Skill      XL: |  1  2  3  4  5  6  7  8  9 10 11 12 |
---------------+-------------------------------------+-----
Fighting       | 1 2 3 4 5 7 8 10 | 10.4
Fire Magic     | 4 5 7 8 10 11 13 | 13.6
Spellcasting   | 2 3 4 5 6 7 |  7.0
Conjurations   | 2 3 4 6 7 8 |  8.9
Dodging        | |  1.5
Stealth        | |  1.5

Action                   |  1- 3 |  4- 6 |  7- 9 | 10-12 || total
-------------------------+-------+-------+-------+-------++-------
Melee: Dagger            |   102 |     7 |     2 |       ||   111
       Whip              |       |       |    55 |    34 ||    89
       Trident           |       |       |       |    26 ||    26
 Cast: Foxfire           |    79 |   133 |   315 |   512 ||  1039
       Sticky Flame      |       |     1 |    19 |    58 ||    78
  Use: Scroll            |       |     7 |    13 |     9 ||    29
       Potion            |       |     2 |     1 |     7 ||    10
Armor: Robe              |    55 |     6 |    89 |    52 ||   202
Dodge: Dodged            |    68 |    16 |   123 |   105 ||   312

Table legend: (Time is in decaauts)
 A = Elapsed time spent in this place.
 B = Non-inter-level travel time spent in this place.
 C = Inter-level travel time spent in this place.
 D = Time resting spent in this place.
 E = Time spent auto-exploring this place.
 F = Levels seen in this place.
 G = Mean time per level.
                   A        B        C        D        E       F      G
               +--------+--------+--------+--------+--------+-----+--------+
         Total |  21788 |  21176 |    612 |     52 |  18497 |  14 | 1556.3 |
       Dungeon |  17861 |  17365 |    496 |     48 |  15159 |  10 | 1786.1 |
        Temple |    238 |    179 |     59 |      0 |    177 |   1 |  238.0 |
          Lair |   3688 |   3631 |     57 |      4 |   3161 |   3 | 1229.3 |
               +--------+--------+--------+--------+--------+-----+--------+

Top non-repeatable levels by time:
    D:10: 3797 daAuts
     D:5: 2139 daAuts
     D:9: 1921 daAuts
  Lair:2: 1853 daAuts
     D:3: 1684 daAuts
     D:4: 1540 daAuts
     D:2: 1468 daAuts
  Lair:1: 1452 daAuts
     D:8: 1450 daAuts
     D:7: 1347 daAuts
     D:1: 1300 daAuts
     D:6: 1209 daAuts
  Lair:3: 381 daAuts
  Temple: 238 daAuts
